 Dungeon Crawl Stone Soup version 0.19-a0-1107-gc676ff4 (webtiles) character file.

487 JustSomeDude the Shield-Bearer (level 6, 0/72 HPs)
             Began as a Demonspawn Fighter on Aug 9, 2016.
             Was a Follower of Uskayaw.
             Slain by Pikel
             ... wielding a +0 whip of flaming
              (2 damage)
             ... on level 4 of the Dungeon.
             The game lasted 00:07:31 (2860 turns).

JustSomeDude the Shield-Bearer (Demonspawn Fighter) Turns: 2860, Time: 00:07:32

Health: 0/72       AC: 23    Str: 19    XL:     6   Next: 89%
Magic:  6/6        EV:  2    Int:  9    God:    Uskayaw [*.....]
Gold:   195        SH:  9    Dex: 12    Spells: 0 memorised, 5 levels left

rFire  . . .     SeeInvis .     a - +0 war axe
rCold  . . .     Gourm    .     (armour currently unavailable)
rNeg   + + +     Faith    .     c - +0 shield
rPois  +         Spirit   .     (helmet currently unavailable)
rElec  .         Dismiss  .     (cloak currently unavailable)
rCorr  .         Reflect  .     (gloves currently unavailable)
SustAt .         Harm     .     (boots currently unavailable)
MR     .....     NoTele   +     i - amulet of magic regeneration
Stlth  +.........               (no ring)
                                (no ring)

@: tree-form
A: (hooves 0), (icy blue scales 0), (fire resistance 0), flame cloud immunity
a: Stomp, Renounce Religion


You were on level 4 of the Dungeon.
You worshipped Uskayaw.
Uskayaw was noncommittal.
You were not hungry.
You were a tree.
You visited 1 branch of the dungeon, and saw 4 of its levels.

You collected 195 gold pieces.

Inventory:

Hand Weapons
 a - a +0 war axe (weapon)
Armour
 b - a +0 scale mail (melded)
 c - a +0 shield (worn)
Jewellery
 i - an amulet of magic regeneration (around neck)
 p - an uncursed ring of protection from magic {unknown}
 y - a +3 ring of intelligence {unknown}
Wands
 t - a wand of flame (8/48)
Scrolls
 e - a scroll of fear {unknown}
 j - 5 scrolls of remove curse {unknown}
 k - a scroll of teleportation {unknown}
 l - 4 scrolls of amnesia {unknown}
 m - 4 scrolls of identify {unknown}
 n - 2 scrolls of magic mapping {unknown}
 o - 2 scrolls of noise {unknown}
 v - a scroll of enchant armour {unknown}
 A - a scroll of random uselessness {unknown}
Potions
 d - a potion of might
 h - a potion of agility
 q - 3 potions of cancellation {unknown}
 u - a potion of berserk rage
 x - a potion of lignification
 B - a potion of resistance {unknown}
Comestibles
 f - 2 bread rations
 g - a slice of pizza
 s - 2 meat rations
 z - a beef jerky


   Skills:
 + Level 4.0 Fighting
 + Level 3.4 Axes
 + Level 3.7 Armour
 + Level 2.6 Dodging
 + Level 0.4 Stealth
 + Level 4.2 Shields


You had 5 spell levels left.
You didn't know any spells.

Dungeon Overview and Level Annotations

Branches:
Dungeon (4/15)
 Temple: D:4-7

Altars:
Fedhas
Gozag
Makhleb
Nemelex Xobeh
Qazlal
Uskayaw
Vehumet
Zin

Annotations:
D:4 Pikel


Innate Abilities, Weirdness & Mutations

((You have large cloven feet.))
((You are partially covered in icy blue scales. (AC +2)))
((Your flesh is heat resistant. (rF+)))
You are immune to clouds of flame.


Message History

Pikel is almost dead.
You block Pikel's attack.
You barely miss Pikel.
Pikel is almost dead.
Pikel hits you but does no damage.
Your shield prevents you from hitting Pikel.
Pikel is almost dead.
Pikel hits you but does no damage. You block Pikel's attack.
You hit Pikel but do no damage.
Pikel is almost dead.
Pikel hits you but does no damage.
You barely miss Pikel.
Pikel is almost dead.
Pikel hits you but does no damage. x2
You hit Pikel but do no damage.
Pikel is almost dead.
Pikel hits you with a whip of flaming.
* * * LOW HITPOINT WARNING * * *
Pikel burns you.
You die...

#.#.#.#
#....#.#.........
#...#.#
#.##.#.#......###
#.>##.#
#.##.#.#..##.##
#..##.# #....#.......#
###
#..##.######.###..#..#
..#
#..##.............#..#
#.#
#............####.#..#
#.#
##.######........(#..#
#.#
#.#########♣######..#
#.#
#.........#K#.......#
#.# #####.....#pp$.#
#.# #.##
#.......p....... ...#
####...............
...#
#.......>#(########
...####......###.#
<(.).....^...# #.#
.............# #.#


You could see Pikel and 3 slaves.

Vanquished Creatures
  Eustachio (D:4)
  The ghost of JustSomeDude the Sneak, a weakling NaAs (D:3)
  A crimson imp (D:3)
  3 orc wizards (D:3)
  An orc priest (D:3)
  7 adders
  A worm (D:4)
  3 dart slugs
  3 giant geckos
  10 orcs
  3 giant cockroaches
  11 goblins
  7 hobgoblins
  6 jackals
  2 quokkas (D:3)
  A ball python (D:3)
  3 bats
  A giant newt (D:1)
  10 kobolds
  2 rats
77 creatures vanquished.

Vanquished Creatures (others)
  An orc (D:3)
1 creature vanquished.

Grand Total: 78 creatures vanquished

Notes
Turn   | Place    | Note
-------+----------+-------------------------------------------
     0 | D:1      | JustSomeDude the Demonspawn Fighter began the quest for the Orb.
     0 | D:1      | Reached XP level 1. HP: 18/18 MP: 1/1
   173 | D:1      | Gained mutation: You have large cloven feet. [demonic ancestry]
   173 | D:1      | Reached XP level 2. HP: 20/24 MP: 2/2
   579 | D:2      | Found a blossoming altar of Fedhas.
   579 | D:2      | Found a stormy altar of Qazlal.
   619 | D:2      | Gained mutation: You are partially covered in icy blue scales. (AC +2) [demonic ancestry]
   619 | D:2      | Reached XP level 3. HP: 29/29 MP: 3/3
   826 | D:2      | Reached XP level 4. HP: 26/35 MP: 4/4
  1056 | D:2      | Found a hide-covered altar of Uskayaw.
  1056 | D:2      | Found a sparkling altar of Nemelex Xobeh.
  1064 | D:2      | Became a worshipper of Uskayaw the Reveler
  1399 | D:2      | Reached skill level 1 in Dodging
  1399 | D:2      | Reached * piety under Uskayaw
  1562 | D:3      | Reached ** piety under Uskayaw
  1684 | D:3      | Found a radiant altar of Vehumet.
  1707 | D:3      | Noticed JustSomeDude's ghost (weakling NaAs)
  1723 | D:3      | Killed JustSomeDude's ghost
  1723 | D:3      | Gained mutation: Your flesh is heat resistant. (rF+) [demonic ancestry]
  1723 | D:3      | Reached XP level 5. HP: 40/41 MP: 5/5
  1784 | D:3      | Found an opulent altar of Gozag.
  1793 | D:3      | Reached *** piety under Uskayaw
  1795 | D:3      | Reached **** piety under Uskayaw
  1796 | D:3      | Gained mutation: You are immune to clouds of flame. [demonic ancestry]
  1796 | D:3      | Reached XP level 6. HP: 23/48 MP: 6/6
  1990 | D:3      | Found a burning altar of Makhleb.
  1991 | D:3      | Noticed a balrug
  1993 | D:3      | Found a glowing silver altar of Zin.
  1993 | D:3      | Noticed an angel
  2670 | D:4      | Noticed Eustachio
  2692 | D:4      | Killed Eustachio
  2813 | D:4      | Noticed Pikel
  2813 | D:4      | Noticed a slave
  2813 | D:4      | Noticed a slave
  2813 | D:4      | Noticed a slave
  2814 | D:4      | Noticed a slave
  2829 | D:4      | HP: 2/48 [Pikel/whip of flaming (5)]
  2848 | D:4      | HP: 3/72 [Pikel/whip of flaming (1)]
  2860 | D:4      | HP: 2/72 [Pikel/whip of flaming (4)]
  2860 | D:4      | Slain by Pikel

Vault maps used:
D:1:      elethiomel_arrival_shortcut
D:2:      grunt_temple_overflow_forces_of_nature,
          gammafunk_temple_overflow_pools, serial_co_window_serial,
          co_window_paths_b, co_window_corner_a, co_window_paths_a,
          co_window_of_opportunity_a, co_window_cross_1, co_window_broadway_b,
          co_window_2corner, co_window_corner_b, co_window_2corner,
          co_window_paths_e, glass_columns_b
D:3:      grunt_temple_overflow_order_and_chaos_2, lemuel_round_altar,
          serial_park_tiny_1, nicolae_gozag_seed_capital
D:4:      first_bread, minmay_stone_trees_small, uniq_eustachio, uniq_pikel

Skill      XL: |  1  2  3  4  5  6 |
---------------+-------------------+-----
Armour         | 3 |  3.7
Axes           | 2 3 |  3.4
Shields        | 3 4 |  4.2
Dodging        | 1 2 |  2.6
Fighting       | 4 |  4.0
Stealth        | |  0.4

Action                   |  1- 3 |  4- 6 || total
-------------------------+-------+-------++-------
Melee: War axe           |    97 |   221 ||   318
       Kick              |    18 |    51 ||    69
Invok: Line Pass         |       |     1 ||     1
  Use: Potion            |       |     5 ||     5
 Stab: Paralysed         |       |     3 ||     3
  Eat: Chunk             |       |     7 ||     7
Armor: Scale mail        |    59 |    81 ||   140
       Skin              |       |    17 ||    17
Dodge: Dodged            |    37 |    79 ||   116
Block: Shield            |    51 |   124 ||   175
